 Dungeon Crawl Stone Soup version 0.31.0-12-g77e489cdc1 (webtiles) character file.

Game seed: 15992233309171765213

74 spaghetti the Trooper (level 4, -1/38 HPs)
             Began as a Mummy Brigand on Feb 19, 2024.
             Killed from afar by Natasha (8 damage)
             ... with a magic dart
             ... on level 2 of the Dungeon.
             The game lasted 00:01:20 (1006 turns).

spaghetti the Trooper (Mummy Brigand)               Turns: 1006, Time: 00:01:22

Health: -1/38      AC:  3    Str: 16    XL:     4   Next: 10%
Magic:  4/4        EV: 11    Int: 10    God:
Gold:   77         SH:  0    Dex: 13    Spells: 3/3 levels left

rFire   x . .        a - +2 dagger
rCold   + . .        (no shield)
rNeg    + + +        b - +0 robe
rPois   ∞            (no helmet)
rElec   .            c - +0 cloak
rCorr   .            (no gloves)
SInv    .            (no boots)
Will    .....        (no amulet)
Stlth   ++           (no ring)
HPRegen 0.26/turn    (no ring)
MPRegen 0.09/turn

%: faith
@: no status effects
A: cold resistance 1, negative energy resistance 3, torment resistance 2, heat
vulnerability 1, in touch with death 1, no potions, faith
a: no special abilities


You were on level 2 of the Dungeon.
You visited 1 branch of the dungeon, and saw 2 of its levels.

You collected 77 gold pieces.

Inventory:

Hand Weapons
 a - a +2 dagger (weapon)
Missiles
 d - 9 poisoned darts
 e - 3 curare-tipped darts
Armour
 b - a +0 robe (worn)
 c - a +0 cloak (worn)
Scrolls
 f - 2 scrolls of identify {unknown}
 h - a scroll of teleportation {unknown}


   Skills:
 + Level 4.4 Fighting
 - Level 1.5 Short Blades
 - Level 1.5 Throwing
 - Level 0.7 Dodging
 - Level 3.2 Stealth


You had 3 spell levels left.
You didn't know any spells.
Your spell library was empty.

Dungeon Overview and Level Annotations

Branches:
Dungeon (2/15)

Altars:

Annotations:
D:2 Natasha


Innate Abilities, Weirdness & Mutations

You are immune to poison.
Your flesh is cold resistant. (rC+)
You are immune to negative energy. (rN+++)
You are immune to unholy pain and torment.
You are vulnerable to heat. (rF-)
You are in touch with the powers of death.
You do not drink.
You have a special connection with the divine. (Faith)


Message History

You are too injured to fight recklessly!
You are too injured to fight recklessly!
You are too injured to fight recklessly!
You are too injured to fight recklessly!
You are too injured to fight recklessly!
You are too injured to fight recklessly!
You are too injured to fight recklessly!
You are too injured to fight recklessly!
You are too injured to fight recklessly!
You are too injured to fight recklessly!
You are too injured to fight recklessly!
Natasha attacks as she pursues you! Natasha claws you.
Natasha mewls in sadness.
Natasha barely misses you.
You closely miss Natasha. Natasha completely misses you.
You closely miss Natasha. You barely miss Natasha. Natasha claws you!
You barely miss Natasha. Natasha claws you.
You hit Natasha but do no damage. Natasha closely misses you.
You barely miss Natasha. Natasha barely misses you.
You hit Natasha.
Natasha is lightly wounded.
Natasha claws you!
You hit Natasha.
Natasha is moderately wounded.
Natasha claws you.
* * * LOW HITPOINT WARNING * * *
You hit Natasha.
Natasha is heavily wounded.
Natasha claws you.
* * * LOW HITPOINT WARNING * * *
Unknown command.
You can't drink.
As you read the scroll labelled SIKLUI KADDIGU, it crumbles to dust.
You hear a loud clanging noise!
It was a scroll of noise.
Natasha stares at you and mumbles some strange words.
The magic dart hits you!
You die...
Natasha begins licking her fur clean.

...#..# ##...#[.......##....†.###
.#....# #.............##......#
####..##........!.....##......#
..##...............>..##.....)#
#.#...........#.########....>.#
#...#....##.....### #......#
###.#....######...######......###
#........#≈ #.#......###.>....#
###.....##≈##.@........#......#
####...#..##≈≈#h#######.........#
.......#....≈≈SS# ####......#
.####.###..~≈≈.## #......# ## ..#
#...≈~..# ##......# #.#
#.~.~~...# #.......# #.#
#...~~..~# #.......# # ..#
#...~~S~~. #.####### # .##
#.~~~.....# #.


You could see Natasha, an adder and a ball python.

Vanquished Creatures
  A gnoll (D:1)
  2 adders (D:2)
  2 dart slugs
  6 ball pythons
  5 endoplasms (D:1)
  2 giant cockroaches
  4 goblins
  3 hobgoblins
  4 kobolds
  2 quokkas (D:1)
  2 bats
  2 frilled lizards (D:1)
  6 rats
41 creatures vanquished.

Notes
Turn   | Place    | Note
-------+----------+-------------------------------------------
     0 | D:1      | spaghetti the Mummy Brigand began the quest for the Orb.
     0 | D:1      | Reached XP level 1. HP: 16/16 MP: 1/1
    54 | D:1      | Reached XP level 2. HP: 23/23 MP: 2/2
   106 | D:1      | Reached skill level 3 in Fighting
   408 | D:1      | Reached XP level 3. HP: 29/29 MP: 3/3
   806 | D:2      | Reached skill level 4 in Fighting
   966 | D:2      | Reached XP level 4. HP: 38/38 MP: 4/4
   992 | D:2      | Noticed Natasha
  1006 | D:2      | Killed from afar by Natasha

Illustrated notes

Levels and vault maps discovered:
D:1:      minmay_arrival_four_circles, layout_basic
D:2:      layout_rooms, serial_rivers, chequers_serial_rivers_large_a,
          chequers_serial_rivers_micro_e, chequers_serial_rivers_small_3,
          chequers_serial_rivers_small_a, chequers_serial_rivers_micro_b,
          uniq_natasha

Skill      XL: |  1  2  3 |
---------------+----------+-----
Fighting       | 3 4 |  4.4
Short Blades   | |  1.5
Throwing       | |  1.5
Dodging        | |  0.7
Stealth        | |  3.2

Action                     |  1- 3 |  4- 6 || total
---------------------------+-------+-------++-------
  Melee: Dagger            |   116 |    11 ||   127
         Punch             |     1 |       ||     1
  Throw: Dart              |     7 |       ||     7
    Use: Scroll            |       |     1 ||     1
   Stab: Sleeping          |     7 |       ||     7
 Armour: Robe              |    46 |    10 ||    56
  Dodge: Dodged            |    59 |     5 ||    64
